Pittsburgh Penguins vs Dallas Stars

Created - Friday, February 27, 2026 at 07:52

Goals
1 2 3 T
Pittsburgh Penguins 1 2 2 5
Dallas Stars 0 1 0 1
Shots
1 2 3 T
Pittsburgh Penguins 19 6 12 37
Dallas Stars 11 8 9 28

1st period

1. Pittsburgh Penguins , Blake Coleman 6 (Ryan O'Reilly 11, Jordan Eberle 7) at 14:52

Penalties :
Josh Anderson (DAL) for Slashing (Minor) at 18:00

2nd period

2. Pittsburgh Penguins , Pavel Buchnevich 13 (Tage Thompson 23, Gabriel Vilardi 13) at 0:08
3. Dallas Stars , Jordan Martinook 11 (Luke Kunin 8, Jonatan Berggren 5) at 2:02
4. Pittsburgh Penguins , Leon Draisaitl 13 (Mitchell Marner 27, Sam Reinhart 9) at 18:46

Penalties :
Trevor van Riemsdyk (DAL) for Delaying the game (Minor) at 8:54, Dougie Hamilton (DAL) for Tripping (Minor) at 19:49

3rd period

5. Pittsburgh Penguins , Gabriel Vilardi 10 (Tage Thompson 24, Erik Karlsson 12) at 8:31
6. Pittsburgh Penguins , Ryan O'Reilly 12 (Jordan Eberle 8, Erik Karlsson 13) at 9:08

Penalties :
Josh Anderson (DAL) for Holding (Minor) at 10:28

Goalie Stats

Jordan Binnington (PIT), 27 saves from 28 shots - (0.964), W, 18-8-2, 60:00 minutes
Alex Lyon (DAL), 32 saves from 37 shots - (0.865), L, 5-9-2, 60:00 minutes

Players Stats for Pittsburgh Penguins

Player Name              G  A  P  +/- PIM S  H  SB GA TA FO     MP     PP MP  PK MP  
------------------------------------------------------------------------------------
Blake Coleman            1  0  1   2  0   3  1  0  0  0  0/0    12:04   0:00   0:00 
Brian Dumoulin           0  0  0   1  0   2  0  0  0  0  0/0    20:42   4:04   0:00 
Carson Soucy             0  0  0   1  0   0  1  0  0  0  0/0    13:37   0:00   0:00 
Christian Dvorak         0  0  0  -1  0   1  0  0  2  0  0/0    10:26   0:03   0:00 
Erik Gudbranson          0  0  0   1  0   0  2  0  0  1  0/0    13:37   0:00   0:00 
Erik Karlsson            0  2  2   2  0   3  0  3  0  0  0/0    25:41   3:52   0:00 
Gabriel Vilardi          1  1  2   2  0   2  0  0  2  0  1/1    18:38   3:49   0:00 
Jordan Eberle            0  2  2   2  0   1  0  0  0  0  0/1    12:07   0:03   0:00 
Leon Draisaitl           1  0  1   1  0   6  0  1  2  0  11/19  18:52   4:04   0:00 
Mattias Ekholm           0  0  0   1  0   1  2  1  0  0  0/0    20:42   4:04   0:00 
Mitchell Marner          0  1  1   1  0   4  0  1  2  0  1/1    18:52   4:04   0:00 
Pavel Buchnevich         1  0  1   2  0   4  0  0  2  0  0/1    18:38   3:49   0:00 
Phillip Danault          0  0  0  -1  0   3  1  0  0  0  2/4    10:23   0:00   0:00 
Ryan O'Reilly            1  1  2   2  0   3  0  1  0  0  5/9    12:07   0:03   0:00 
Sam Reinhart             0  1  1   1  0   1  0  1  0  0  0/0    18:52   4:04   0:00 
Tage Thompson            0  2  2   2  0   1  0  0  1  0  17/26  18:38   3:49   0:00 
Travis Sanheim           0  0  0   2  0   2  3  3  0  0  0/0    25:41   3:52   0:00 
Zemgus Girgensons        0  0  0  -1  0   0  1  0  1  0  1/1    10:23   0:00   0:00 

Players Stats for Dallas Stars

Player Name              G  A  P  +/- PIM S  H  SB GA TA FO     MP     PP MP  PK MP  
------------------------------------------------------------------------------------
Alex Iafallo             0  0  0  -3  0   4  2  1  0  0  0/0    13:29   0:00   0:38 
Arber Xhekaj             0  0  0  -1  0   0  1  1  0  3  0/0    18:31   0:00   4:55 
Brendan Gallagher        0  0  0  -2  0   3  1  0  0  0  0/4    18:32   0:00   3:07 
Cam York                 0  0  0  -1  0   2  0  0  0  0  0/0    15:57   0:00   1:32 
Dougie Hamilton          0  0  0  -2  2   2  2  2  0  3  0/0    24:44   0:00   2:41 
Elias Lindholm           0  0  0  -2  0   2  1  1  0  0  11/16  19:03   0:00   3:13 
Jack Drury               0  0  0   0  0   0  0  1  0  1  2/4     9:13   0:00   1:36 
Jakob Chychrun           0  0  0  -1  0   0  1  1  1  1  0/0    20:23   0:00   4:28 
Joel Kiviranta           0  0  0   0  0   1  0  0  0  1  1/1     7:34   0:00   0:00 
Jonatan Berggren         0  1  1   1  0   4  2  0  0  0  9/25   15:49   0:00   0:00 
Jordan Greenway          0  0  0  -3  0   1  5  0  0  0  0/0    14:44   0:00   1:56 
Jordan Martinook         1  0  1   1  0   4  2  0  0  0  0/0    19:24   0:00   3:35 
Josh Anderson            0  0  0  -2  4   1  1  0  0  1  1/2    17:38   0:00   1:47 
Luke Kunin               0  1  1   1  0   2  2  0  0  0  0/0    15:49   0:00   0:00 
Nils Lundkvist           0  0  0  -1  0   2  0  1  0  0  0/0    16:09   0:00   0:00 
Philip Tomasino          0  0  0  -3  0   0  1  0  0  0  1/11   12:48   0:00   0:00 
Trent Frederic           0  0  0   0  0   0  0  0  0  0  0/0     7:34   0:00   0:00 
Trevor van Riemsdyk      0  0  0  -2  2   0  0  1  0  2  0/0    24:39   0:00   2:16 

3 Stars

1 - Ryan O'Reilly (PIT)
2 - Gabriel Vilardi (PIT)
3 - Jordan Binnington (PIT)

Power Play

Pittsburgh Penguins - 0 on 4 Attempt(s) - 0.00%
Dallas Stars - 0 on 0 Attempt(s) - 0.00%

Penalty Kill

Pittsburgh Penguins - 0 on 0 Attempt(s) - 0.00% - Score 0 goal in Penalty Kill
Dallas Stars - 4 on 4 Attempt(s) - 100.00% - Score 0 goal in Penalty Kill

Team Stat

Pittsburgh Penguins - Hits : 11 - Faceoff Wins : 38 - Blocked Shots : 11 - Penalty Minutes : 0
Dallas Stars - Hits : 21 - Faceoff Wins : 25 - Blocked Shots : 9 - Penalty Minutes : 8

Official

Referees : Dan O'Rourke and Pierre Lambert
Linesman : Brad Kovachik and Julien Fournier

Game Notes

14:52 of 1st period - Pittsburgh Penguins goal is going for a video replay. After video review, Goal.
8:31 of 3rd period - Pittsburgh Penguins goal is going for a video replay. After video review, Goal.

Finance

Level 1 -- Attendance: 6000 (100.00%) -- Ticket Income $540,000
Level 2 -- Attendance: 4742 (94.84%) -- Ticket Income $237,100
Level 3 -- Attendance: 2931 (97.70%) -- Ticket Income $87,930
Level 4 -- Attendance: 3442 (68.84%) -- Ticket Income $86,050
Luxury Box -- Attendance: 939 (93.90%) -- Ticket Income $178,410
Game was played at the American Airlines Center.
Total Attendance: 18054 (90.27%)
Total Ticket Income: $1,129,490
Other Income: $395,322
Total Income: $1,524,812

Pittsburgh Penguins

5 vs 5 Forward 
   Center                   Left Wing                Right Wing               Time % Phy DF OF 
 1 Leon Draisaitl           Sam Reinhart             Mitchell Marner          30     1   2  2  
 2 Tage Thompson            Pavel Buchnevich         Gabriel Vilardi          30     1   2  2  
 3 Ryan O'Reilly            Blake Coleman            Jordan Eberle            25     1   2  2  
 4 Phillip Danault          Zemgus Girgensons        Christian Dvorak         15     1   2  2  

5 vs 5 Defense 
   Defense                  Defense                                           Time % Phy DF OF 
 1 Travis Sanheim           Erik Karlsson                                     30     1   2  2  
 2 Brian Dumoulin           Mattias Ekholm                                    30     1   2  2  
 3 Carson Soucy             Erik Gudbranson                                   25     1   2  2  
 4 Travis Sanheim           Erik Karlsson                                     15     1   2  2  

PowerPlay Forward 
   Center                   Left Wing                Right Wing               Time % Phy DF OF 
 1 Leon Draisaitl           Sam Reinhart             Mitchell Marner          50     1   2  2  
 2 Tage Thompson            Pavel Buchnevich         Gabriel Vilardi          50     1   2  2  

PowerPlay Defense
   Defense                  Defense                                           Time % Phy DF OF 
 1 Travis Sanheim           Erik Karlsson                                     50     1   2  2  
 2 Brian Dumoulin           Mattias Ekholm                                    50     1   2  2  

Penalty Kill 4 Players Forward 
   Center                   Wing                     Time % Phy DF OF 
 1 Mitchell Marner          Leon Draisaitl           50     1   2  2  
 2 Sam Reinhart             Tage Thompson            50     1   2  2  

Penalty Kill 4 Players Defense
   Defense                  Defense                  Time % Phy DF OF 
 1 Travis Sanheim           Erik Karlsson            50     1   2  2  
 2 Brian Dumoulin           Mattias Ekholm           50     1   2  2  

Penalty Kill - 3 Players Forward 
   Forward                                           Time % Phy DF OF 
 1 Mitchell Marner                                   50     1   2  2  
 2 Leon Draisaitl                                    50     1   2  2  

Penalty Kill - 3 Players Defense
   Defense                  Defense                  Time % Phy DF OF 
 1 Travis Sanheim           Erik Karlsson            50     1   2  2  
 2 Brian Dumoulin           Mattias Ekholm           50     1   2  2  

4 vs 4 Forward 
   Center                   Wing                     Time % Phy DF OF 
 1 Mitchell Marner          Leon Draisaitl           50     1   2  2  
 2 Sam Reinhart             Tage Thompson            50     1   2  2  

4 vs 4 Defense
   Defense                  Defense                  Time % Phy DF OF 
 1 Travis Sanheim           Erik Karlsson            50     1   2  2  
 2 Brian Dumoulin           Mattias Ekholm           50     1   2  2  

Last Minutes Offensive
   Center                   Left Wing                Right Wing               Defense                  Defense                  
   Leon Draisaitl           Sam Reinhart             Mitchell Marner          Travis Sanheim           Erik Karlsson            

Last Minutes Defensive
   Center                   Left Wing                Right Wing               Defense                  Defense                  
   Leon Draisaitl           Sam Reinhart             Mitchell Marner          Travis Sanheim           Erik Karlsson            

Goaltenders
Starting : Jordan Binnington        
Backup : John Gibson              

Extra Forwards
Normal : Christian Dvorak, Ryan O'Reilly, Blake Coleman - PP : Christian Dvorak, Ryan O'Reilly - PK : Blake Coleman
Extra Defensemen
Normal : Carson Soucy, Erik Gudbranson, Brian Dumoulin - PP : Carson Soucy - PK : Erik Gudbranson, Brian Dumoulin
Penalty Shots
Mitchell Marner, Leon Draisaitl, Sam Reinhart, Tage Thompson, Ryan O'Reilly

Scratches
None

Dallas Stars

5 vs 5 Forward 
   Center                   Left Wing                Right Wing               Time % Phy DF OF 
 1 Elias Lindholm           Josh Anderson            Brendan Gallagher        30     1   2  2  
 2 Jonatan Berggren         Jordan Martinook         Luke Kunin               30     1   2  2  
 3 Philip Tomasino          Alex Iafallo             Jordan Greenway          25     1   2  2  
 4 Jack Drury               Joel Kiviranta           Trent Frederic           15     1   2  2  

5 vs 5 Defense 
   Defense                  Defense                                           Time % Phy DF OF 
 1 Dougie Hamilton          Trevor van Riemsdyk                               30     1   2  2  
 2 Jakob Chychrun           Nils Lundkvist                                    30     1   2  2  
 3 Cam York                 Arber Xhekaj                                      25     1   2  2  
 4 Dougie Hamilton          Trevor van Riemsdyk                               15     1   2  2  

PowerPlay Forward 
   Center                   Left Wing                Right Wing               Time % Phy DF OF 
 1 Elias Lindholm           Josh Anderson            Brendan Gallagher        50     1   2  2  
 2 Alex Iafallo             Jordan Martinook         Luke Kunin               50     1   2  2  

PowerPlay Defense
   Defense                  Defense                                           Time % Phy DF OF 
 1 Dougie Hamilton          Trevor van Riemsdyk                               50     1   2  2  
 2 Jakob Chychrun           Cam York                                          50     1   2  2  

Penalty Kill 4 Players Forward 
   Center                   Wing                     Time % Phy DF OF 
 1 Elias Lindholm           Josh Anderson            50     1   2  2  
 2 Brendan Gallagher        Jordan Martinook         50     1   2  2  

Penalty Kill 4 Players Defense
   Defense                  Defense                  Time % Phy DF OF 
 1 Dougie Hamilton          Trevor van Riemsdyk      50     1   2  2  
 2 Jakob Chychrun           Arber Xhekaj             50     1   2  2  

Penalty Kill - 3 Players Forward 
   Forward                                           Time % Phy DF OF 
 1 Elias Lindholm                                    50     1   2  2  
 2 Josh Anderson                                     50     1   2  2  

Penalty Kill - 3 Players Defense
   Defense                  Defense                  Time % Phy DF OF 
 1 Dougie Hamilton          Trevor van Riemsdyk      50     1   2  2  
 2 Jakob Chychrun           Arber Xhekaj             50     1   2  2  

4 vs 4 Forward 
   Center                   Wing                     Time % Phy DF OF 
 1 Elias Lindholm           Josh Anderson            50     1   2  2  
 2 Brendan Gallagher        Jordan Martinook         50     1   2  2  

4 vs 4 Defense
   Defense                  Defense                  Time % Phy DF OF 
 1 Dougie Hamilton          Trevor van Riemsdyk      50     1   2  2  
 2 Jakob Chychrun           Cam York                 50     1   2  2  

Last Minutes Offensive
   Center                   Left Wing                Right Wing               Defense                  Defense                  
   Elias Lindholm           Josh Anderson            Brendan Gallagher        Dougie Hamilton          Trevor van Riemsdyk      

Last Minutes Defensive
   Center                   Left Wing                Right Wing               Defense                  Defense                  
   Elias Lindholm           Josh Anderson            Brendan Gallagher        Dougie Hamilton          Trevor van Riemsdyk      

Goaltenders
Starting : Alex Lyon                
Backup : Ukko-Pekka Luukkonen     

Extra Forwards
Normal : Alex Iafallo, Joel Kiviranta, Josh Anderson - PP : Alex Iafallo, Joel Kiviranta - PK : Elias Lindholm
Extra Defensemen
Normal : Cam York, Arber Xhekaj, Jakob Chychrun - PP : Cam York - PK : Arber Xhekaj, Jakob Chychrun
Penalty Shots
Elias Lindholm, Josh Anderson, Brendan Gallagher, Jordan Martinook, Alex Iafallo

Scratches
Ty Smith (Healthy), Filip Chytil (Bruised Right Arm Injury), Jonas Siegenthaler (Sprained Left Finger Injury), Marc-Andre Fleury (Healthy), Semyon Varlamov (Healthy)

% Time on Ice - Pittsburgh Penguins

Lines # - Real PCT - Wanted PCT - Time Play
Normal Forward
1 - 28% - 30% - 14:48
2 - 28% - 30% - 14:49
3 - 23% - 25% - 12:04
4 - 20% - 15% - 10:23
Normal Defense
1 - 30% - 30% - 15:24
2 - 32% - 30% - 16:38
3 - 26% - 25% - 13:37
4 - 12% - 15% - 6:25
PP Forward
1 - 51% - 50% - 4:04
2 - 49% - 50% - 3:52
PP Defense
1 - 49% - 50% - 3:52
2 - 51% - 50% - 4:04
PK Forward
1 - 0% - 50%
2 - 0% - 50%
PK Defense
1 - 0% - 50%
2 - 0% - 50%
PK3 Forward
1 - 0% - 50%
2 - 0% - 50%
PK3 Defense
1 - 0% - 50%
2 - 0% - 50%
44 Forward
1 - 0% - 50%
2 - 0% - 50%
44 Defense
1 - 0% - 50%
2 - 0% - 50%
Last Minute Offensive  - 0:00
Last Minute Defensive  - 0:00
Total
Forward - 60:00
Defense - 60:00

% Time on Ice - Dallas Stars

Lines # - Real PCT - Wanted PCT - Time Play
Normal Forward
1 - 31% - 30% - 15:53
2 - 30% - 30% - 15:49
3 - 25% - 25% - 12:48
4 - 15% - 15% - 7:34
Normal Defense
1 - 30% - 30% - 15:52
2 - 31% - 30% - 16:10
3 - 26% - 25% - 13:30
4 - 13% - 15% - 6:32
PP Forward
1 - 0% - 50%
2 - 0% - 50%
PP Defense
1 - 0% - 50%
2 - 0% - 50%
PK Forward
1 - 55% - 50% - 4:21
2 - 45% - 50% - 3:35
PK Defense
1 - 56% - 50% - 4:25
2 - 44% - 50% - 3:31
PK3 Forward
1 - 0% - 50%
2 - 0% - 50%
PK3 Defense
1 - 0% - 50%
2 - 0% - 50%
44 Forward
1 - 0% - 50%
2 - 0% - 50%
44 Defense
1 - 0% - 50%
2 - 0% - 50%
Last Minute Offensive  - 0:00
Last Minute Defensive  - 0:00
Total
Forward - 60:00
Defense - 60:00

Play-by-Play

1st period


0:01 of 1st period - Elias Lindholm wins face-off versus Leon Draisaitl in neutral zone.
0:06 of 1st period - Snap shot by Brendan Gallagher.
0:06 of 1st period - Stopped by Jordan Binnington with a rebound.
0:08 of 1st period - Snap shot by Brendan Gallagher.
0:08 of 1st period - Shot Blocked by Mitchell Marner.
0:33 of 1st period - Snap shot by Blake Coleman.
0:33 of 1st period - Deflect By Ryan O'Reilly.
0:33 of 1st period - Shot Blocked by Dougie Hamilton.
0:33 of 1st period - Puck is out of play.
0:34 of 1st period - Tage Thompson wins face-off versus Philip Tomasino in Dallas Stars zone.
1:11 of 1st period - Wrist shot by Joel Kiviranta.
1:11 of 1st period - Shot Misses the Net.
1:13 of 1st period - Wrist shot by Joel Kiviranta.
1:13 of 1st period - Stopped by Jordan Binnington with a rebound.
1:31 of 1st period - Snap shot by Blake Coleman.
1:31 of 1st period - Shot Misses the Net.
2:11 of 1st period - Gabriel Vilardi is hit by Jordan Greenway and loses puck.
2:18 of 1st period - Snap shot by Alex Iafallo.
2:18 of 1st period - Shot Misses the Net.
2:32 of 1st period - Nils Lundkvist is hit by Phillip Danault and loses puck.
2:39 of 1st period - Phillip Danault is hit by Dougie Hamilton and loses puck.
3:36 of 1st period - Wrist shot by Alex Iafallo.
3:36 of 1st period - Stopped by Jordan Binnington without a rebound.
3:37 of 1st period - Tage Thompson wins face-off versus Jonatan Berggren in Pittsburgh Penguins zone.
3:41 of 1st period - Off-side.
3:42 of 1st period - Jonatan Berggren wins face-off versus Leon Draisaitl in neutral zone.
3:44 of 1st period - Off-side.
3:45 of 1st period - Jonatan Berggren wins face-off versus Leon Draisaitl in neutral zone.
3:52 of 1st period - Slapshot by Dougie Hamilton.
3:52 of 1st period - Shot Blocked by Sam Reinhart.
4:00 of 1st period - Wrist shot by Jonatan Berggren.
4:00 of 1st period - Stopped by Jordan Binnington with a rebound.
4:19 of 1st period - Wrist shot by Gabriel Vilardi.
4:19 of 1st period - Shot Blocked by Trevor van Riemsdyk.
4:21 of 1st period - Slapshot by Erik Karlsson.
4:21 of 1st period - Deflect By Trevor van Riemsdyk.
4:21 of 1st period - Stopped by Alex Lyon without a rebound.
4:22 of 1st period - Ryan O'Reilly wins face-off versus Philip Tomasino in Dallas Stars zone.
4:30 of 1st period - Icing by Nils Lundkvist.
4:31 of 1st period - Philip Tomasino wins face-off versus Jordan Eberle in Dallas Stars zone.
4:42 of 1st period - Snap shot by Alex Iafallo.
4:42 of 1st period - Shot Misses the Net.
5:23 of 1st period - Snap shot by Alex Iafallo.
5:23 of 1st period - Stopped by Jordan Binnington with a rebound.
6:13 of 1st period - Wrist shot by Jordan Eberle.
6:13 of 1st period - Shot Misses the Net.
6:15 of 1st period - Snap shot by Blake Coleman.
6:15 of 1st period - Shot Misses the Net.
6:17 of 1st period - Slapshot by Carson Soucy.
6:17 of 1st period - Shot Misses the Net.
6:19 of 1st period - Backhand shot by Erik Gudbranson.
6:19 of 1st period - Shot Blocked by Alex Iafallo.
6:23 of 1st period - Snap shot by Jordan Eberle.
6:23 of 1st period - Shot Misses the Net.
6:25 of 1st period - Slapshot by Carson Soucy.
6:25 of 1st period - Deflect By Blake Coleman.
6:25 of 1st period - Stopped by Alex Lyon with a rebound.
6:27 of 1st period - Snap shot by Blake Coleman.
6:27 of 1st period - Deflect By Jakob Chychrun.
6:27 of 1st period - Shot Hit the Post.
6:27 of 1st period - Puck is out of play.
6:28 of 1st period - Tage Thompson wins face-off versus Jonatan Berggren in Dallas Stars zone.
7:15 of 1st period - Wrist shot by Phillip Danault.
7:15 of 1st period - Shot Misses the Net.
7:20 of 1st period - Off-side.
7:21 of 1st period - Gabriel Vilardi wins face-off versus Jonatan Berggren in neutral zone.
7:23 of 1st period - Off-side.
7:24 of 1st period - Tage Thompson wins face-off versus Jonatan Berggren in neutral zone.
10:56 of 1st period - Jakob Chychrun is hit by Erik Gudbranson and loses puck.
11:11 of 1st period - Wrist shot by Leon Draisaitl.
11:11 of 1st period - Stopped by Alex Lyon with a rebound.
11:13 of 1st period - Snap shot by Mitchell Marner.
11:13 of 1st period - Shot Blocked by Nils Lundkvist.
11:17 of 1st period - Snap shot by Mitchell Marner.
11:17 of 1st period - Stopped by Alex Lyon with a rebound.
11:19 of 1st period - Slapshot by Travis Sanheim.
11:19 of 1st period - Stopped by Alex Lyon with a rebound.
11:25 of 1st period - Snap shot by Sam Reinhart.
11:25 of 1st period - Stopped by Alex Lyon without a rebound.
11:26 of 1st period - Elias Lindholm wins face-off versus Tage Thompson in Dallas Stars zone.
11:37 of 1st period - Snap shot by Gabriel Vilardi.
11:37 of 1st period - Shot Blocked by Arber Xhekaj.
11:39 of 1st period - Slapshot by Pavel Buchnevich.
11:39 of 1st period - Shot Misses the Net.
11:41 of 1st period - Snap shot by Brian Dumoulin.
11:41 of 1st period - Shot Misses the Net.
11:43 of 1st period - Slapshot by Pavel Buchnevich.
11:43 of 1st period - Stopped by Alex Lyon with a rebound.
11:53 of 1st period - Mattias Ekholm is hit by Jordan Martinook and loses puck.
12:01 of 1st period - Icing by Brian Dumoulin.
12:02 of 1st period - Leon Draisaitl wins face-off versus Jack Drury in Pittsburgh Penguins zone.
12:19 of 1st period - Snap shot by Mitchell Marner.
12:19 of 1st period - Stopped by Alex Lyon with a rebound.
12:43 of 1st period - Snap shot by Jonatan Berggren.
12:43 of 1st period - Stopped by Jordan Binnington without a rebound.
12:44 of 1st period - Elias Lindholm wins face-off versus Tage Thompson in Pittsburgh Penguins zone.
12:48 of 1st period - Icing by Gabriel Vilardi.
12:49 of 1st period - Elias Lindholm wins face-off versus Tage Thompson in Pittsburgh Penguins zone.
13:00 of 1st period - Snap shot by Brendan Gallagher.
13:00 of 1st period - Stopped by Jordan Binnington without a rebound.
13:01 of 1st period - Tage Thompson wins face-off versus Jonatan Berggren in Pittsburgh Penguins zone.
13:08 of 1st period - Snap shot by Jonatan Berggren.
13:08 of 1st period - Stopped by Jordan Binnington with a rebound.
13:10 of 1st period - Snap shot by Luke Kunin.
13:10 of 1st period - Deflect By Jordan Martinook.
13:10 of 1st period - Stopped by Jordan Binnington without a rebound.
13:11 of 1st period - Tage Thompson wins face-off versus Jonatan Berggren in Pittsburgh Penguins zone.
13:31 of 1st period - Off-side.
13:32 of 1st period - Elias Lindholm wins face-off versus Leon Draisaitl in neutral zone.
14:24 of 1st period - Gabriel Vilardi is hit by Jonatan Berggren and loses puck.
14:37 of 1st period - Tage Thompson is hit by Luke Kunin and loses puck.
14:50 of 1st period - Snap shot by Ryan O'Reilly.
14:50 of 1st period - Stopped by Alex Lyon with a rebound.
14:52 of 1st period - Wrist shot by Blake Coleman.
14:52 of 1st period - Pittsburgh Penguins goal is going for a video replay.
14:52 of 1st period - The goal is good.
14:52 of 1st period - Goal by Blake Coleman - Pittsburgh Penguins : 1 - Dallas Stars : 0.
14:53 of 1st period - Leon Draisaitl wins face-off versus Philip Tomasino in neutral zone.
15:06 of 1st period - Wrist shot by Leon Draisaitl.
15:06 of 1st period - Stopped by Alex Lyon with a rebound.
15:09 of 1st period - Icing by Jordan Greenway.
15:10 of 1st period - Ryan O'Reilly wins face-off versus Philip Tomasino in Dallas Stars zone.
15:11 of 1st period - Wrist shot by Blake Coleman.
15:11 of 1st period - Stopped by Alex Lyon without a rebound.
15:12 of 1st period - Elias Lindholm wins face-off versus Ryan O'Reilly in Dallas Stars zone.
15:20 of 1st period - Slapshot by Jordan Eberle.
15:20 of 1st period - Stopped by Alex Lyon with a rebound.
15:22 of 1st period - Snap shot by Erik Karlsson.
15:22 of 1st period - Stopped by Alex Lyon with a rebound.
15:24 of 1st period - Slapshot by Travis Sanheim.
15:24 of 1st period - Stopped by Alex Lyon with a rebound.
15:48 of 1st period - Wrist shot by Jonatan Berggren.
15:48 of 1st period - Stopped by Jordan Binnington with a rebound.
15:50 of 1st period - Slapshot by Dougie Hamilton.
15:50 of 1st period - Deflect By Gabriel Vilardi.
15:50 of 1st period - Stopped by Jordan Binnington without a rebound.
15:51 of 1st period - Joel Kiviranta wins face-off versus Leon Draisaitl in Pittsburgh Penguins zone.
15:52 of 1st period - Snap shot by Jack Drury.
15:52 of 1st period - Shot Misses the Net.
16:30 of 1st period - Brian Dumoulin is hit by Luke Kunin and loses puck.
16:37 of 1st period - Phillip Danault is hit by Jordan Martinook and loses puck.
16:53 of 1st period - Icing by Mattias Ekholm.
16:54 of 1st period - Phillip Danault wins face-off versus Elias Lindholm in Pittsburgh Penguins zone.
17:15 of 1st period - Slapshot by Christian Dvorak.
17:15 of 1st period - Shot Blocked by Elias Lindholm.
17:17 of 1st period - Snap shot by Brian Dumoulin.
17:17 of 1st period - Stopped by Alex Lyon with a rebound.
17:19 of 1st period - Snap shot by Mattias Ekholm.
17:19 of 1st period - Shot Misses the Net.
17:21 of 1st period - Wrist shot by Christian Dvorak.
17:21 of 1st period - Stopped by Alex Lyon with a rebound.
17:45 of 1st period - Slapshot by Christian Dvorak.
17:45 of 1st period - Shot Misses the Net.
17:47 of 1st period - Slapshot by Phillip Danault.
17:47 of 1st period - Stopped by Alex Lyon with a rebound.
17:49 of 1st period - Slapshot by Phillip Danault.
17:49 of 1st period - Shot Misses the Net.
17:51 of 1st period - Wrist shot by Mattias Ekholm.
17:51 of 1st period - Stopped by Alex Lyon with a rebound.
18:00 of 1st period - Minor Penalty to Josh Anderson for Slashing.
18:01 of 1st period - Leon Draisaitl wins face-off versus Jack Drury in Dallas Stars zone.
18:48 of 1st period - Trevor van Riemsdyk is hit by Travis Sanheim and loses puck.
19:49 of 1st period - Pavel Buchnevich is hit by Dougie Hamilton and loses puck.
0:00 of 2nd period - Penalty to Josh Anderson is over, Josh Anderson is back on ice.
Goals for this period are 1 for Pittsburgh Penguins vs 0 for Dallas Stars.
Shots for this period are 19 for Pittsburgh Penguins vs 11 for Dallas Stars.

2nd period


0:01 of 2nd period - Tage Thompson wins face-off versus Philip Tomasino in neutral zone.
0:08 of 2nd period - Wrist shot by Pavel Buchnevich.
0:08 of 2nd period - Goal by Pavel Buchnevich - Pittsburgh Penguins : 2 - Dallas Stars : 0.
0:09 of 2nd period - Leon Draisaitl wins face-off versus Philip Tomasino in neutral zone.
0:16 of 2nd period - Snap shot by Alex Iafallo.
0:16 of 2nd period - Shot Hit the Post.
0:18 of 2nd period - Slapshot by Trevor van Riemsdyk.
0:18 of 2nd period - Shot Blocked by Erik Karlsson.
0:20 of 2nd period - Snap shot by Alex Iafallo.
0:20 of 2nd period - Shot Misses the Net.
0:22 of 2nd period - Snap shot by Alex Iafallo.
0:22 of 2nd period - Shot Misses the Net.
0:55 of 2nd period - Wrist shot by Phillip Danault.
0:55 of 2nd period - Shot Misses the Net.
1:02 of 2nd period - Icing by Trevor van Riemsdyk.
1:03 of 2nd period - Jack Drury wins face-off versus Ryan O'Reilly in Dallas Stars zone.
1:48 of 2nd period - Off-side.
1:49 of 2nd period - Jonatan Berggren wins face-off versus Phillip Danault in neutral zone.
1:58 of 2nd period - Wrist shot by Luke Kunin.
1:58 of 2nd period - Shot Misses the Net.
2:00 of 2nd period - Wrist shot by Luke Kunin.
2:00 of 2nd period - Stopped by Jordan Binnington with a rebound.
2:02 of 2nd period - Wrist shot by Luke Kunin.
2:02 of 2nd period - Deflect By Jordan Martinook.
2:02 of 2nd period - Goal by Jordan Martinook - Pittsburgh Penguins : 2 - Dallas Stars : 1.
2:03 of 2nd period - Elias Lindholm wins face-off versus Tage Thompson in neutral zone.
2:34 of 2nd period - Snap shot by Ryan O'Reilly.
2:34 of 2nd period - Shot Misses the Net.
2:44 of 2nd period - Cam York is hit by Travis Sanheim and loses puck.
2:59 of 2nd period - Jordan Martinook is hit by Travis Sanheim and loses puck.
4:19 of 2nd period - Brian Dumoulin is hit by Alex Iafallo and loses puck.
4:26 of 2nd period - Snap shot by Sam Reinhart.
4:26 of 2nd period - Shot Misses the Net.
5:01 of 2nd period - Backhand shot by Josh Anderson.
5:01 of 2nd period - Stopped by Jordan Binnington without a rebound.
5:02 of 2nd period - Tage Thompson wins face-off versus Elias Lindholm in Pittsburgh Penguins zone.
5:27 of 2nd period - Wrist shot by Alex Iafallo.
5:27 of 2nd period - Stopped by Jordan Binnington with a rebound.
5:54 of 2nd period - Slapshot by Leon Draisaitl.
5:54 of 2nd period - Stopped by Alex Lyon with a rebound.
6:00 of 2nd period - Snap shot by Leon Draisaitl.
6:00 of 2nd period - Stopped by Alex Lyon with a rebound.
7:06 of 2nd period - Snap shot by Jordan Greenway.
7:06 of 2nd period - Stopped by Jordan Binnington with a rebound.
7:08 of 2nd period - Snap shot by Jordan Greenway.
7:08 of 2nd period - Shot Blocked by Travis Sanheim.
7:33 of 2nd period - Icing by Mattias Ekholm.
7:34 of 2nd period - Elias Lindholm wins face-off versus Tage Thompson in Pittsburgh Penguins zone.
7:45 of 2nd period - Snap shot by Brendan Gallagher.
7:45 of 2nd period - Stopped by Jordan Binnington with a rebound.
7:47 of 2nd period - Slapshot by Jakob Chychrun.
7:47 of 2nd period - Shot Misses the Net.
7:49 of 2nd period - Slapshot by Nils Lundkvist.
7:49 of 2nd period - Stopped by Jordan Binnington with a rebound.
8:03 of 2nd period - Snap shot by Mitchell Marner.
8:03 of 2nd period - Shot Misses the Net.
8:06 of 2nd period - Icing by Nils Lundkvist.
8:07 of 2nd period - Ryan O'Reilly wins face-off versus Philip Tomasino in Dallas Stars zone.
8:26 of 2nd period - Wrist shot by Philip Tomasino.
8:26 of 2nd period - Shot Misses the Net.
8:54 of 2nd period - Minor Penalty to Trevor van Riemsdyk for Delaying the game.
8:55 of 2nd period - Tage Thompson wins face-off versus Brendan Gallagher in Dallas Stars zone.
10:54 of 2nd period - Penalty to Trevor van Riemsdyk is over, Trevor van Riemsdyk is back on ice.
12:19 of 2nd period - Brian Dumoulin is hit by Philip Tomasino.
13:02 of 2nd period - Trent Frederic is hit by Mattias Ekholm and loses puck.
13:13 of 2nd period - Mitchell Marner is hit by Jordan Greenway.
13:17 of 2nd period - Leon Draisaitl is hit by Alex Iafallo and loses puck.
13:30 of 2nd period - Snap shot by Elias Lindholm.
13:30 of 2nd period - Shot Blocked by Leon Draisaitl.
13:32 of 2nd period - Snap shot by Brendan Gallagher.
13:32 of 2nd period - Shot Blocked by Mattias Ekholm.
13:34 of 2nd period - Slapshot by Nils Lundkvist.
13:34 of 2nd period - Stopped by Jordan Binnington with a rebound.
13:36 of 2nd period - Slapshot by Elias Lindholm.
13:36 of 2nd period - Shot Misses the Net.
14:03 of 2nd period - Erik Gudbranson is hit by Jordan Greenway and loses puck.
14:14 of 2nd period - Erik Gudbranson is hit by Brendan Gallagher.
14:18 of 2nd period - Wrist shot by Erik Karlsson.
14:18 of 2nd period - Stopped by Alex Lyon with a rebound.
14:20 of 2nd period - Slapshot by Travis Sanheim.
14:20 of 2nd period - Shot Misses the Net.
15:04 of 2nd period - Wrist shot by Phillip Danault.
15:04 of 2nd period - Shot Blocked by Jakob Chychrun.
15:06 of 2nd period - Wrist shot by Zemgus Girgensons.
15:06 of 2nd period - Shot Misses the Net.
15:08 of 2nd period - Slapshot by Erik Karlsson.
15:08 of 2nd period - Shot Misses the Net.
15:18 of 2nd period - Wrist shot by Phillip Danault.
15:18 of 2nd period - Stopped by Alex Lyon without a rebound.
15:19 of 2nd period - Tage Thompson wins face-off versus Jonatan Berggren in Dallas Stars zone.
15:20 of 2nd period - Snap shot by Pavel Buchnevich.
15:20 of 2nd period - Shot Blocked by Dougie Hamilton.
15:45 of 2nd period - Brendan Gallagher is hit by Erik Gudbranson and loses puck.
15:52 of 2nd period - Slapshot by Jordan Eberle.
15:52 of 2nd period - Shot Misses the Net.
16:22 of 2nd period - Jack Drury is hit by Mattias Ekholm and loses puck.
16:33 of 2nd period - Travis Sanheim is hit by Arber Xhekaj and loses puck.
17:01 of 2nd period - Jordan Eberle is hit by Jordan Greenway and loses puck.
17:19 of 2nd period - Off-side.
17:20 of 2nd period - Leon Draisaitl wins face-off versus Elias Lindholm in neutral zone.
17:46 of 2nd period - Slapshot by Sam Reinhart.
17:46 of 2nd period - Shot Misses the Net.
18:46 of 2nd period - Snap shot by Leon Draisaitl.
18:46 of 2nd period - Goal by Leon Draisaitl - Pittsburgh Penguins : 3 - Dallas Stars : 1.
18:47 of 2nd period - Jonatan Berggren wins face-off versus Tage Thompson in neutral zone.
19:12 of 2nd period - Philip Tomasino is hit by Blake Coleman and loses puck.
19:49 of 2nd period - Minor Penalty to Dougie Hamilton for Tripping.
19:50 of 2nd period - Tage Thompson wins face-off versus Brendan Gallagher in Dallas Stars zone.
Goals for this period are 2 for Pittsburgh Penguins vs 1 for Dallas Stars.
Shots for this period are 6 for Pittsburgh Penguins vs 8 for Dallas Stars.

3rd period


0:01 of 3rd period - Leon Draisaitl wins face-off versus Brendan Gallagher in neutral zone.
0:12 of 3rd period - Snap shot by Mitchell Marner.
0:12 of 3rd period - Stopped by Alex Lyon with a rebound.
0:14 of 3rd period - Backhand shot by Leon Draisaitl.
0:14 of 3rd period - Stopped by Alex Lyon with a rebound.
0:16 of 3rd period - Snap shot by Brian Dumoulin.
0:16 of 3rd period - Stopped by Alex Lyon with a rebound.
1:49 of 3rd period - Penalty to Dougie Hamilton is over, Dougie Hamilton is back on ice.
2:11 of 3rd period - Wrist shot by Elias Lindholm.
2:11 of 3rd period - Stopped by Jordan Binnington without a rebound.
2:12 of 3rd period - Ryan O'Reilly wins face-off versus Philip Tomasino in Pittsburgh Penguins zone.
2:12 of 3rd period - Ryan O'Reilly is hit by Jordan Greenway.
3:01 of 3rd period - Wrist shot by Jordan Martinook.
3:01 of 3rd period - Shot Misses the Net.
3:03 of 3rd period - Wrist shot by Luke Kunin.
3:03 of 3rd period - Stopped by Jordan Binnington with a rebound.
3:05 of 3rd period - Snap shot by Jordan Martinook.
3:05 of 3rd period - Shot Misses the Net.
3:07 of 3rd period - Slapshot by Jakob Chychrun.
3:07 of 3rd period - Deflect By Jonatan Berggren.
3:07 of 3rd period - Shot Misses the Net.
3:07 of 3rd period - Puck is out of play.
3:08 of 3rd period - Leon Draisaitl wins face-off versus Philip Tomasino in Pittsburgh Penguins zone.
3:39 of 3rd period - Erik Karlsson is hit by Jonatan Berggren and loses puck.
4:02 of 3rd period - Slapshot by Elias Lindholm.
4:02 of 3rd period - Shot Misses the Net.
4:04 of 3rd period - Wrist shot by Elias Lindholm.
4:04 of 3rd period - Stopped by Jordan Binnington without a rebound.
4:05 of 3rd period - Leon Draisaitl wins face-off versus Jonatan Berggren in Pittsburgh Penguins zone.
4:55 of 3rd period - Slapshot by Jordan Eberle.
4:55 of 3rd period - Shot Misses the Net.
5:15 of 3rd period - Wrist shot by Christian Dvorak.
5:15 of 3rd period - Shot Blocked by Jack Drury.
5:41 of 3rd period - Slapshot by Trevor van Riemsdyk.
5:41 of 3rd period - Deflect By Luke Kunin.
5:41 of 3rd period - Shot Blocked by Erik Karlsson.
5:41 of 3rd period - Puck is out of play.
5:42 of 3rd period - Tage Thompson wins face-off versus Elias Lindholm in Pittsburgh Penguins zone.
5:51 of 3rd period - Wrist shot by Tage Thompson.
5:51 of 3rd period - Stopped by Alex Lyon with a rebound.
6:17 of 3rd period - Off-side.
6:18 of 3rd period - Elias Lindholm wins face-off versus Tage Thompson in neutral zone.
6:21 of 3rd period - Wrist shot by Elias Lindholm.
6:21 of 3rd period - Shot Misses the Net.
6:25 of 3rd period - Slapshot by Elias Lindholm.
6:25 of 3rd period - Deflect By Josh Anderson.
6:25 of 3rd period - Shot Blocked by Erik Karlsson.
6:25 of 3rd period - Puck is out of play.
6:26 of 3rd period - Tage Thompson wins face-off versus Elias Lindholm in Pittsburgh Penguins zone.
7:19 of 3rd period - Wrist shot by Alex Iafallo.
7:19 of 3rd period - Stopped by Jordan Binnington with a rebound.
7:21 of 3rd period - Slapshot by Trevor van Riemsdyk.
7:21 of 3rd period - Shot Misses the Net.
7:30 of 3rd period - Icing by Jordan Eberle.
7:31 of 3rd period - Jack Drury wins face-off versus Ryan O'Reilly in Pittsburgh Penguins zone.
7:39 of 3rd period - Snap shot by Brendan Gallagher.
7:39 of 3rd period - Deflect By Elias Lindholm.
7:39 of 3rd period - Shot Blocked by Ryan O'Reilly.
7:39 of 3rd period - Puck is out of play.
7:40 of 3rd period - Elias Lindholm wins face-off versus Pavel Buchnevich in Pittsburgh Penguins zone.
7:45 of 3rd period - Wrist shot by Josh Anderson.
7:45 of 3rd period - Shot Blocked by Travis Sanheim.
8:17 of 3rd period - Snap shot by Gabriel Vilardi.
8:17 of 3rd period - Stopped by Alex Lyon with a rebound.
8:19 of 3rd period - Slapshot by Erik Karlsson.
8:19 of 3rd period - Shot Misses the Net.
8:29 of 3rd period - Wrist shot by Tage Thompson.
8:29 of 3rd period - Shot Misses the Net.
8:31 of 3rd period - Wrist shot by Gabriel Vilardi.
8:31 of 3rd period - Pittsburgh Penguins goal is going for a video replay.
8:31 of 3rd period - The goal is good.
8:31 of 3rd period - Goal by Gabriel Vilardi - Pittsburgh Penguins : 4 - Dallas Stars : 1.
8:32 of 3rd period - Leon Draisaitl wins face-off versus Jonatan Berggren in neutral zone.
9:08 of 3rd period - Slapshot by Ryan O'Reilly.
9:08 of 3rd period - Goal by Ryan O'Reilly - Pittsburgh Penguins : 5 - Dallas Stars : 1.
9:09 of 3rd period - Tage Thompson wins face-off versus Jonatan Berggren in neutral zone.
9:12 of 3rd period - Snap shot by Erik Karlsson.
9:12 of 3rd period - Deflect By Pavel Buchnevich.
9:12 of 3rd period - Stopped by Alex Lyon without a rebound.
9:13 of 3rd period - Jonatan Berggren wins face-off versus Tage Thompson in Dallas Stars zone.
9:22 of 3rd period - Slapshot by Dougie Hamilton.
9:22 of 3rd period - Deflect By Pavel Buchnevich.
9:22 of 3rd period - Stopped by Jordan Binnington without a rebound.
9:23 of 3rd period - Jonatan Berggren wins face-off versus Tage Thompson in Pittsburgh Penguins zone.
9:31 of 3rd period - Icing by Travis Sanheim.
9:32 of 3rd period - Tage Thompson wins face-off versus Jonatan Berggren in Pittsburgh Penguins zone.
10:01 of 3rd period - Wrist shot by Jordan Martinook.
10:01 of 3rd period - Stopped by Jordan Binnington without a rebound.
10:02 of 3rd period - Leon Draisaitl wins face-off versus Philip Tomasino in Pittsburgh Penguins zone.
10:28 of 3rd period - Minor Penalty to Josh Anderson for Holding.
10:29 of 3rd period - Leon Draisaitl wins face-off versus Brendan Gallagher in Dallas Stars zone.
12:28 of 3rd period - Penalty to Josh Anderson is over, Josh Anderson is back on ice.
12:43 of 3rd period - Icing by Jonatan Berggren.
12:44 of 3rd period - Zemgus Girgensons wins face-off versus Jonatan Berggren in Dallas Stars zone.
12:45 of 3rd period - Snap shot by Phillip Danault.
12:45 of 3rd period - Stopped by Alex Lyon without a rebound.
12:46 of 3rd period - Jonatan Berggren wins face-off versus Phillip Danault in Dallas Stars zone.
12:46 of 3rd period - Jonatan Berggren is hit by Carson Soucy.
13:20 of 3rd period - Tage Thompson is hit by Elias Lindholm and loses puck.
13:59 of 3rd period - Snap shot by Jack Drury.
13:59 of 3rd period - Shot Misses the Net.
14:01 of 3rd period - Snap shot by Nils Lundkvist.
14:01 of 3rd period - Shot Blocked by Travis Sanheim.
14:03 of 3rd period - Snap shot by Cam York.
14:03 of 3rd period - Stopped by Jordan Binnington with a rebound.
14:05 of 3rd period - Backhand shot by Cam York.
14:05 of 3rd period - Stopped by Jordan Binnington without a rebound.
14:06 of 3rd period - Jonatan Berggren wins face-off versus Leon Draisaitl in Pittsburgh Penguins zone.
14:11 of 3rd period - Slapshot by Jordan Martinook.
14:11 of 3rd period - Shot Misses the Net.
14:56 of 3rd period - Jordan Eberle is hit by Jakob Chychrun and loses puck.
15:04 of 3rd period - Off-side.
15:05 of 3rd period - Phillip Danault wins face-off versus Jonatan Berggren in neutral zone.
15:31 of 3rd period - Erik Karlsson is hit by Josh Anderson and loses puck.
16:02 of 3rd period - Off-side.
16:03 of 3rd period - Jonatan Berggren wins face-off versus Leon Draisaitl in neutral zone.
16:07 of 3rd period - Icing by Leon Draisaitl.
16:08 of 3rd period - Mitchell Marner wins face-off versus Jonatan Berggren in Pittsburgh Penguins zone.
16:17 of 3rd period - Snap shot by Mitchell Marner.
16:17 of 3rd period - Stopped by Alex Lyon without a rebound.
16:18 of 3rd period - Tage Thompson wins face-off versus Jonatan Berggren in Dallas Stars zone.
17:03 of 3rd period - Icing by Blake Coleman.
17:04 of 3rd period - Elias Lindholm wins face-off versus Leon Draisaitl in Pittsburgh Penguins zone.
17:05 of 3rd period - Wrist shot by Josh Anderson.
17:05 of 3rd period - Shot Misses the Net.
17:07 of 3rd period - Wrist shot by Elias Lindholm.
17:07 of 3rd period - Shot Misses the Net.
17:33 of 3rd period - Snap shot by Pavel Buchnevich.
17:33 of 3rd period - Deflect By Gabriel Vilardi.
17:33 of 3rd period - Shot Misses the Net.
17:33 of 3rd period - Puck is out of play.
17:34 of 3rd period - Tage Thompson wins face-off versus Jonatan Berggren in Dallas Stars zone.
17:53 of 3rd period - Snap shot by Pavel Buchnevich.
17:53 of 3rd period - Stopped by Alex Lyon without a rebound.
17:54 of 3rd period - Ryan O'Reilly wins face-off versus Josh Anderson in Dallas Stars zone.
17:59 of 3rd period - Wrist shot by Ryan O'Reilly.
17:59 of 3rd period - Deflect By Elias Lindholm.
17:59 of 3rd period - Stopped by Alex Lyon with a rebound.
19:01 of 3rd period - Jakob Chychrun is hit by Zemgus Girgensons and loses puck.
19:23 of 3rd period - Off-side.
19:24 of 3rd period - Josh Anderson wins face-off versus Ryan O'Reilly in neutral zone.
19:56 of 3rd period - Wrist shot by Jordan Martinook.
19:56 of 3rd period - Stopped by Jordan Binnington with a rebound.
19:58 of 3rd period - Slapshot by Arber Xhekaj.
19:58 of 3rd period - Shot Misses the Net.
Goals for this period are 2 for Pittsburgh Penguins vs 0 for Dallas Stars.
Shots for this period are 12 for Pittsburgh Penguins vs 9 for Dallas Stars.